 Dungeon Crawl Stone Soup version 0.19.5 (webtiles) character file.

242 tidbits the Shooter (level 5, -1/33 HPs)
             Began as a High Elf Wanderer on Oct 29, 2017.
             Slain by an ogre
             ... wielding a +0 giant spiked club
              (26 damage)
             ... on level 6 of the Dungeon.
             The game lasted 00:13:36 (1252 turns).

tidbits the Shooter (High Elf Wanderer)             Turns: 1252, Time: 00:13:37

Health: -1/33      AC:  6    Str: 15    XL:     5   Next: 82%
Magic:  0/6        EV: 12    Int: 15    God:
Gold:   326        SH:  0    Dex: 14    Spells: 0 memorised, 4 levels left

rFire  . . .     SeeInvis .     b - +2 shortbow
rCold  . . .     Gourm    .     B - +0 ring mail
rNeg   . . .     Faith    .     (shield currently unavailable)
rPois  .         Spirit   +     E - +0 helmet
rElec  .         Reflect  .     (no cloak)
rCorr  .         Harm     .     (no gloves)
MR     .....                    (no boots)
Stlth  +.........               F - amulet of guardian spirit
                                (no ring)
                                (no ring)

@: no status effects
A: blurry vision 1, mutation resistance 1, strong 1
a: no special abilities


You were on level 6 of the Dungeon.
You were not hungry.

You visited 1 branch of the dungeon, and saw 6 of its levels.
You also visited: Ossuary.

You collected 326 gold pieces.

Inventory:

Hand Weapons
 a - a +0 rapier
   (You found it on level 3 of the Dungeon)
 b - a +2 shortbow (weapon)
 g - a +0 club
   (You took it off a hobgoblin on level 1 of the Dungeon)
 h - a +0 short sword
   (You took it off a kobold on level 1 of the Dungeon)
 l - a +3 hunting sling
   (You found it on level 1 of the Dungeon)
Missiles
 e - 41 stones
 i - 25 sling bullets
 j - 23 bolts
 p - 21 arrows (quivered)
 t - 5 tomahawks
Armour
 d - a +0 robe
 k - a +0 chain mail
   (You found it on level 1 of the Dungeon)
 B - a +0 ring mail (worn)
   (You took it off an orc on level 3 of the Dungeon)
 D - a +3 chain mail
   (You found it on level 4 of the Dungeon)
 E - a +0 helmet (worn)
   (You found it on level 3 of the Dungeon)
Jewellery
 F - an amulet of guardian spirit (around neck)
   (You found it on level 4 of the Dungeon)
Scrolls
 c - 3 scrolls of teleportation
 m - a scroll of enchant armour {unknown}
 q - a scroll of magic mapping {unknown}
 y - a scroll of holy word {unknown}
 C - a scroll of blinking {unknown}
 G - a scroll of random uselessness {unknown}
Potions
 n - 2 potions of mutation {!q}
 s - 2 potions of magic {unknown}
 u - a potion of brilliance {unknown}
 v - a potion of resistance
 w - 3 potions of might {unknown}
 x - 2 potions of curing
 z - a potion of agility
 A - 3 potions of flight {unknown}
Comestibles
 f - 2 bread rations
 o - a chunk of flesh


   Skills:
 + Level 1.3 Fighting
 + Level 7.5 Bows
 + Level 3.4 Dodging
 - Level 1.1 Stealth
   Level 1.7 Shields
 - Level 1.5 Unarmed Combat


You had 4 spell levels left.
You didn't know any spells.

Dungeon Overview and Level Annotations

Branches:
Dungeon (6/15)
 Temple: D:4-7

Altars:
Gozag
Ru


Innate Abilities, Weirdness & Mutations

Scrolls take you a little longer to read.
You are somewhat resistant to further mutation.
Your muscles are strong. (Str +2)


Message History

Found a stone staircase leading down.
An adder comes into view.
Firing (i - inventory. (,) - cycle):
p - 28 arrows (quivered)
Press: ? - help, Shift-Dir - straight line, f - adder
Aim: an adder You shoot an arrow.
The arrow completely misses the adder.
Firing (i - inventory. (,) - cycle):
p - 27 arrows (quivered)
Press: ? - help, Shift-Dir - straight line, f/p - adder
Aim: an adder You shoot an arrow.
The arrow misses the adder.
Firing (i - inventory. (,) - cycle):
p - 26 arrows (quivered)
Press: ? - help, Shift-Dir - straight line, f/p - adder
Aim: an adder You shoot an arrow.
The arrow hits the adder.
The adder is heavily wounded.
The adder closely misses you.
Firing (i - inventory. (,) - cycle):
p - 25 arrows (quivered)
Press: ? - help, Shift-Dir - straight line, f/p - adder
Aim: an adder (heavily wounded)
You shoot an arrow. The arrow hits the adder!
You kill the adder!
p - 26 arrows (gained 2)
There is a stone staircase leading down here.
You see here an adder corpse.
There are no objects that can be picked up here. an adder corpse
p - 27 arrows (gained 1)
There are no items here.
p - 28 arrows (gained 1)
There are no items here.
There is a stone staircase leading down here.
You see here an adder corpse.
You climb downwards.
Found a scroll labeled MIUX VUMOASH.
There is a stone staircase leading up here.
G - a scroll labeled MIUX VUMOASH
There are no items here.
Found a scroll labeled AXZIHO KIDOH.
Found a tiny diamond amulet.
H - a tiny diamond amulet Put on which piece of jewellery? (? for menu, Esc to quit)
You remove your amulet of guardian spirit.
Oops, that amulet feels deathly cold.
H - a cursed amulet of inaccuracy (around neck)
You begin reading the scroll.
You continue reading the scroll.
As you read the scroll labeled TASOTS SANYJ, it crumbles to dust.
You feel as if something is helping you.
It was a scroll of remove curse.
Drop what? 33/52 slots (_ for help) (? for menu, Esc to quit)
You remove your amulet of inaccuracy.
You drop an uncursed amulet of inaccuracy.
Put on which piece of jewellery? (? for menu, Esc to quit)
You feel your power drawn to a protective spirit.
F - an amulet of guardian spirit (around neck)
You don't know any spells.
An ogre comes into view. It is wielding a giant spiked club.
The ogre shouts!
Found a scroll of teleportation and an onyx ring.
Found 4 gold pieces.
Firing (i - inventory. (,) - cycle):
p - 28 arrows (quivered)
Press: ? - help, Shift-Dir - straight line, f - ogre
Aim: an ogre, wielding a giant spiked club You shoot an arrow.
The arrow hits the ogre.
The ogre is lightly wounded.
Firing (i - inventory. (,) - cycle):
p - 27 arrows (quivered)
Press: ? - help, Shift-Dir - straight line, f/p - ogre
Aim: an ogre, wielding a giant spiked club (lightly wounded)
You shoot an arrow. The arrow hits the ogre!
The ogre is moderately wounded.
Firing (i - inventory. (,) - cycle):
p - 26 arrows (quivered)
Press: ? - help, Shift-Dir - straight line, f/p - ogre
Aim: an ogre, wielding a giant spiked club (moderately wounded)
You shoot an arrow. The arrow completely misses the ogre.
Firing (i - inventory. (,) - cycle):
p - 25 arrows (quivered)
Press: ? - help, Shift-Dir - straight line, f/p - ogre
Aim: an ogre, wielding a giant spiked club (moderately wounded)
You shoot an arrow. The arrow barely misses the ogre.
Firing (i - inventory. (,) - cycle):
p - 24 arrows (quivered)
Press: ? - help, Shift-Dir - straight line, f/p - ogre
Aim: an ogre, wielding a giant spiked club (moderately wounded)
You shoot an arrow. The arrow hits the ogre.
The ogre is moderately wounded.
The ogre barely misses you.
An adder comes into view.
Firing (i - inventory. (,) - cycle):
p - 23 arrows (quivered)
Press: ? - help, Shift-Dir - straight line, f - adder, p - ogre
Aim: an adder (hasn't noticed you)
You shoot an arrow. The arrow hits the ogre.
The ogre is heavily wounded.
A water moccasin skeleton comes into view.
Firing (i - inventory. (,) - cycle):
p - 22 arrows (quivered)
Press: ? - help, Shift-Dir - straight line, f - water moccasin skeleton, p - adder
Aim: a water moccasin skeleton (hasn't noticed you)
You shoot an arrow. The arrow barely misses the ogre.
The arrow misses the adder.
The arrow hits the water moccasin skeleton!
The water moccasin skeleton is moderately damaged.
The ogre hits you with a giant spiked club!!
Ouch! That really hurt!
You die...

#. $.(# #.
...=Z. ###.
#..S..# ...
#..((.. ..
+....#
######.##(...
........O.##
.......@...##
######?#....#
#<#.#..###
#.#.#."###..#
###.#.#.......#
#...#.#.#####.#
#.###.........#
#.......#######
#########


You could see an ogre, an adder and a water moccasin skeleton.

Vanquished Creatures
  The ghost of tidbits the Shooter, a weakling HEWn (D:4)
  A worker ant (D:4)
  8 mummies (Ossuary)
  An adder (D:5)
  2 oozes
  An adder zombie (D:5)
  4 leopard geckos (D:1)
  4 orcs (D:3)
  A giant cockroach (D:3)
  5 goblins
  6 hobgoblins
  10 jackals
  4 kobolds
  A frilled lizard (D:1)
  A hobgoblin zombie (Ossuary)
  5 kobold zombies (Ossuary)
  2 orc zombies (Ossuary)
  2 rats
59 creatures vanquished.

Notes
Turn   | Place    | Note
-------+----------+-------------------------------------------
     0 | D:1      | tidbits the High Elf Wanderer began the quest for the Orb.
     0 | D:1      | tidbits set off with: a +2 shortbow, 28 arrows, 2 scrolls of teleportation, a +0 robe, a bread ration
     0 | D:1      | Reached XP level 1. HP: 13/13 MP: 2/2
    41 | D:1      | Reached XP level 2. HP: 17/18 MP: 3/3
    45 | D:1      | Reached skill level 5 in Bows
   214 | D:1      | Reached XP level 3. HP: 14/23 MP: 4/4
   309 | D:2      | Found a sacrificial altar of Ru.
   487 | D:3      | Reached skill level 6 in Bows
   667 | D:2      | Found an opulent altar of Gozag.
   670 | D:2      | You fall through a shaft!
   719 | D:4      | Found a sand-covered staircase.
   723 | D:4      | Noticed tidbits's ghost (weakling HEWn)
   737 | D:4      | Gained mutation: Scrolls take you a little longer to read. [potion of mutation]
   737 | D:4      | Gained mutation: You are somewhat resistant to further mutation. [potion of mutation]
   737 | D:4      | Gained mutation: Your muscles are strong. (Str +2) [potion of mutation]
   752 | D:4      | Killed tidbits's ghost
   752 | D:4      | Reached skill level 2 in Dodging
   752 | D:4      | Reached XP level 4. HP: 4/28 MP: 5/5
   757 | Ossuary  | Entered an ossuary
   829 | Ossuary  | Reached skill level 7 in Bows
   829 | Ossuary  | Reached XP level 5. HP: 12/33 MP: 6/6
   899 | Ossuary  | Reached skill level 3 in Dodging
  1182 | D:5      | Entered Level 5 of the Dungeon
  1244 | D:6      | Noticed an ogre
  1252 | D:6      | Slain by an ogre

Skill      XL: |  1  2  3  4  5 |
---------------+----------------+-----
Bows           | 5 6 7 |  7.5
Dodging        | 2 3 |  3.4
Fighting       | |  1.3
Stealth        | |  1.1
Shields        | |  1.7
Unarmed Combat | |  1.5

Action                   |  1- 3 |  4- 6 || total
-------------------------+-------+-------++-------
Melee: Rapier            |    26 |       ||    26
 Fire: Shortbow          |    86 |    71 ||   157
       Hunting sling     |       |    22 ||    22
Throw: Stone             |     1 |       ||     1
  Use: Potion            |     3 |       ||     3
       Scroll            |       |     4 ||     4
  Eat: Chunk             |       |     1 ||     1
Armor: Robe              |     5 |       ||     5
       Ring mail         |     9 |     6 ||    15
Dodge: Dodged            |    44 |    10 ||    54

Table legend:
 A = Turns spent in this place as a percentage of turns spent in the entire game.
 B = Non-inter-level travel turns spent in this place as a percentage of non-inter-level travel turns spent in the entire game.
 C = Inter-level travel turns spent in this place as a percentage of turns spent in this place.
 D = Turns resting spent in this place as a percentage of non-inter-level travel turns spent in this place.
 E = Turns spent auto-exploring this place as a percentage of non-inter-level travel turns spent in this place.
 F = Non-inter-level travel turns spent in this place divided by the number of levels of this place that you've seen.
                   A       B       C       D       E      F
               +-------+-------+-------+-------+-------+----------------------
         Total | 100.0 | 100.0 |   0.0 |   0.0 |   0.0 | 168.1
       Dungeon |  74.3 |  74.3 |   0.0 |   0.0 |   0.0 | 145.8
       Ossuary |  25.7 |  25.7 |   0.0 |   0.0 |   0.0 | 302.0
               +-------+-------+-------+-------+-------+----------------------

Table legend:
 A = Kills in this place as a percentage of kills in entire the game.
 B = Kills by you in this place as a percentage of kills by you in the entire game.
 C = Kills by friends in this place as a percentage of kills by friends in the entire game.
 D = Other kills in this place as a percentage of other kills in the entire game.
 E = Experience gained in this place as a percentage of experience gained in the entire game.
 F = Experience gained in this place divided by the number of levels of this place that you have seen.
                   A       B       C       D       E      F
               +-------+-------+-------+-------+-------+----------------------
         Total | 100.0 | 100.0 |  -nan |  -nan | 100.0 |  49.6
       Dungeon |  72.9 |  72.9 |  -nan |  -nan |  55.9 |  32.3
       Ossuary |  27.1 |  27.1 |  -nan |  -nan |  44.1 | 153.0
               +-------+-------+-------+-------+-------+----------------------

Vault maps used:
D:1:      shiori_arrival_oz, bh_walls_and_bars
D:2:      lemuel_upstairs_altar, first_bread, nicolae_ru_sacrificial_ziggurat
D:4:      lemuel_crystal_altar, enter_ossuary_1
D:5:      serial_curves, eino_curves_04, eino_curves_02, elyvilon_altar_1,
          uniq_crazy_yiuf_cottage, uniq_menkaure
D:6:      minmay_temple_entry_from_below_a, kb_rosetta
Ossuary:  ossuary_tomb_3
